 Dungeon Crawl Stone Soup version 0.31.0-11-ge490571c62 (webtiles) character file.

Game seed: 11045235511214845218

104 Gadfly the Insei (level 4, -7/35 HPs)
             Began as a Demonspawn Monk on Jan 29, 2024.
             Blown up by Ijyb (17 damage)
             ... with a mindburst bolt
             ... on level 2 of the Dungeon.
             The game lasted 00:02:13 (1729 turns).

Gadfly the Insei (Demonspawn Monk)                  Turns: 1729, Time: 00:02:14

Health: -7/35      AC:  5    Str: 13    XL:     4   Next: 52%
Magic:  4/4        EV: 13    Int: 11    God:
Gold:   1322       SH:  4    Dex: 15    Spells: 3/3 levels left

rFire   . .          .
                       - Unarmed
rCold   . . .        c - orb {light}
rNeg    . . .        a - +0 robe
rPois   .            (no helmet)
rElec   .            g - +0 cloak
rCorr   .            (no gloves)
SInv    .            (no boots)
Will    .....        (no amulet)
Stlth   +            (no ring)
HPRegen 0.25/turn    (no ring)
MPRegen 0.09/turn

%: no passive effects
@: glowing
A: yellow scales 1, condensation shield
a: no special abilities


You were on level 2 of the Dungeon.
You visited 1 branch of the dungeon, and saw 3 of its levels.

You collected 1322 gold pieces.

Inventory:

Hand Weapons
 j - a +0 long sword
 k - a +0 short sword of flaming
Armour
 a - a +0 robe (worn)
 c - an orb of light (worn)
 g - a +0 cloak (worn)
Wands
 i - a wand of polymorph (11)
Potions
 d - a potion of berserk rage {unknown}
 e - a potion of enlightenment {unknown}
 h - a potion of curing {unknown}


   Skills:
 + Level 3.3 Fighting
 + Level 3.0 Dodging
 * Level 3.4 Unarmed Combat
 * Level 1.8 Evocations
 * Level 1.4 Shapeshifting


You had 3 spell levels left.
You didn't know any spells.
Your spell library was empty.

Dungeon Overview and Level Annotations

Branches:
Dungeon (3/15)

Altars:

Annotations:
D:2 Ijyb
D:3 Robin


Innate Abilities, Weirdness & Mutations

You are partially covered in yellow scales. (AC +2)
A meltable shield of frost defends you. (SH +4)


Message History

Ijyb is lightly wounded.
Ijyb closely misses you.
You are confused.
You feel invigorated. Ijyb hits you but does no damage.
Ijyb zaps a wand.
Your mind is blasted!
Ouch! That really hurt!
* * * LOW HITPOINT WARNING * * *
Ijyb closely misses you. Ijyb hits you but does no damage.
Ijyb attacks as she pursues you! Ijyb hits you but does no damage.
You hit Ijyb.
Ijyb is moderately wounded.
Ijyb zaps a wand.
You barely resist.
You feel less invigorated.
You feel less confused.
Ijyb zaps a wand.
You barely resist.
Ijyb zaps a wand.
Your mind is blasted!
You hit Ijyb but do no damage.
Ijyb is moderately wounded.
Ijyb hits you with a +0 club.
You hit Ijyb.
Ijyb is heavily wounded.
Ijyb hits you but does no damage.
You closely miss Ijyb.
Ijyb is heavily wounded.
Ijyb hits you with a +0 club.
You hit Ijyb but do no damage.
Ijyb is heavily wounded.
Ijyb barely misses you.
You barely miss Ijyb.
Ijyb is heavily wounded.
Ijyb hits you with a +0 club.
You hit Ijyb but do no damage.
Ijyb is heavily wounded.
Ijyb hits you with a +0 club.
* * * LOW HITPOINT WARNING * * *
You hit Ijyb but do no damage.
Ijyb is heavily wounded.
Ijyb zaps a wand.
Your mind is blasted!
You die...

.......####### #..............#
.......# #######.......)......#
.......###.....#..............#
.........#.....#....>.........#
.......#.#.....#..............#
.........#.....#.###..........#
...<...#....).)..##...#########
.......#.#........#.#..###
######.#........@g)[.>...########
#.##......#.................
#.##......#.##..............
#.##........####............
###.##.###.......#............
#....#.###.......#........)...
#................###..........
#....#.###.......# #...>..._..
#....#.#####.##### ##.........


You could see Ijyb.

Vanquished Creatures
  5 adders (D:2)
  2 ribbon worms (D:2)
  3 ball pythons
  5 bats
  8 endoplasms
  4 giant cockroaches
  5 goblins
  2 hobgoblins
  2 jackals (D:2)
  3 quokkas
  4 frilled lizards
  4 kobolds
  3 rats
50 creatures vanquished.

Notes
Turn   | Place    | Note
-------+----------+-------------------------------------------
     0 | D:1      | Gadfly the Demonspawn Monk began the quest for the Orb.
     0 | D:1      | Reached XP level 1. HP: 18/18 MP: 1/1
    54 | D:1      | Gained mutation: A meltable shield of frost defends you.
                  | (SH +4) [demonic ancestry]
    54 | D:1      | Reached XP level 2. HP: 24/24 MP: 2/2
   389 | D:1      | Reached skill level 1 in Evocations
   748 | D:1      | Reached XP level 3. HP: 26/29 MP: 3/3
   765 | D:1      | Identified a scroll of acquirement
   765 | D:1      | Acquired 1227 gold pieces
   813 | D:2      | Reached skill level 1 in Shapeshifting
   901 | D:2      | Found a faded altar of an unknown god.
  1037 | D:2      | Gained mutation: You are partially covered in yellow
                  | scales. (AC +2) [demonic ancestry]
  1037 | D:2      | Reached XP level 4. HP: 9/35 MP: 4/4
  1685 | D:3      | Noticed Ijyb
  1685 | D:3      | Noticed Robin
  1729 | D:2      | Blown up by Ijyb

Illustrated notes

Levels and vault maps discovered:
D:1:      psy_arrival_conway, layout_loops_ring
D:2:      minmay_diamond_boxcup, layout_rooms, basic_ecumenical_altar
D:3:      layout_basic, nicolae_goblin_pals, uniq_grinder, uniq_terence

Skill      XL: |  1  2  3 |
---------------+----------+-----
Unarmed Combat | 3 |  3.4
Evocations     | 1 |  1.8
Shapeshifting  | 1 |  1.4
Dodging        | 3 |  3.0
Fighting       | |  3.3

Action                     |  1- 3 |  4- 6 || total
---------------------------+-------+-------++-------
  Melee: Unarmed           |   113 |    87 ||   200
    Use: Scroll            |     3 |     1 ||     4
         Potion            |       |     2 ||     2
 Armour: Robe              |    59 |    55 ||   114
         Skin              |       |     4 ||     4
  Dodge: Dodged            |    72 |    58 ||   130
